 Dungeon Crawl Stone Soup version 0.26-a0-665-gefeb406119 (webtiles) character file.

Game seed: 18015000350258743539

643 Ijustatesigmund the Ducker (level 7, 0/36 HPs)
             Began as a Spriggan Wanderer on Oct 15, 2020.
             Slain by an orc
             ... wielding a +0 flail
              (10 damage)
             ... on level 4 of the Dungeon.
             The game lasted 00:14:02 (7203 turns).

Ijustatesigmund the Ducker (Spriggan Wanderer)      Turns: 7203, Time: 00:14:03

Health: 0/36       AC:  5    Str:  7    XL:     7   Next: 26%
Magic:  8/8        EV: 22    Int: 15    God:
Gold:   296        SH:  0    Dex: 19    Spells: 6/6 levels left

rFire    + . .     SeeInvis +   a - +2 quarterstaff
rCold    . . .     Faith    .   (shield currently unavailable)
rNeg     . . .     Spirit   .   c - +0 robe
rPois    +         Reflect  .   (helmet restricted)
rElec    .         Harm     .   u - +0 cloak
rCorr    .         Rampage  .   (gloves unavailable)
MR       +....                  (boots unavailable)
Stlth    ++++......             (no amulet)
HPRegen  0.12/turn              t - ring of poison resistance
MPRegen  0.11/turn              n - ring of protection from fire

@: very quick
A: very small, unfitting armour, icy blue scales 1, thin skeletal structure 1,
see invisible, speed 3
a: no special abilities


You were on level 4 of the Dungeon.
You visited 1 branch of the dungeon, and saw 4 of its levels.

You collected 296 gold pieces.

Inventory:

Hand Weapons
 a - a +2 quarterstaff (weapon)
 b - a +0 short sword
 l - a +1 dagger of holy wrath
Armour
 c - a +0 robe (worn)
 u - a +0 cloak (worn)
Jewellery
 f - an uncursed ring of wizardry
 n - a ring of protection from fire (right hand)
 t - a ring of poison resistance (left hand)
Wands
 p - a wand of iceblast (7)
Scrolls
 h - a scroll of teleportation
Potions
 d - a potion of invisibility
 e - a potion of magic
 g - a potion of haste
 i - a potion of stabbing {unknown}
 k - a potion of degeneration {unknown}
 m - a potion of heal wounds {unknown}
 o - a potion of flight {unknown}
 q - 2 potions of brilliance
 r - a potion of curing {unknown}
 s - 2 potions of cancellation


   Skills:
 + Level 3.6 Fighting
 + Level 4.1 Short Blades
 - Level 2.1 Staves
 + Level 6.2 Dodging
 + Level 5.5 Stealth
   Level 2.4 Hexes
   Level 1.0 Air Magic


You had 6 spell levels left.
You didn't know any spells.
Your spell library contained the following spells:

 Spells                   Type           Power        Failure   Level
 Slow                     Hex            #.......     16%         2
 Magic Dart               Conj           #...         26%         1
 Blink                    Tloc           N/A          38%         2
 Call Imp                 Summ           #.......     38%         2
 Mephitic Cloud           Conj/Pois/Air  #.......     58%         3
 Conjure Flame            Conj/Fire      #.......     63%         3


Dungeon Overview and Level Annotations

Branches:
Dungeon (4/15)
 Temple: D:4-7

Altars:
Makhleb


Innate Abilities, Weirdness & Mutations

You are very small and have problems with some larger weapons.
You are too small for most types of armour.
You have supernaturally acute eyesight. (SInv)
You cover ground extremely quickly.
You are partially covered in icy blue scales. (AC +2)
You have a somewhat thin skeletal structure. (Dex +2, Stealth)


Message History

The orc wizard is heavily wounded.
The orc wizard closely misses you. The orc completely misses you.
You hit the orc wizard.
The orc wizard is almost dead.
The orc wizard barely misses you. The orc closely misses you.
You hit the orc wizard.
You kill the orc wizard!
The orc closely misses you.
You closely miss the orc. The orc misses you.
You completely miss the orc. The orc closely misses you.
You barely miss the orc. You barely miss the orc. The orc closely misses you.
You hit the orc.
The orc is heavily wounded.
The orc hits you with a +0 flail!
* * * LOW HITPOINT WARNING * * *
You hit the orc.
The orc is almost dead.
The orc hits you with a +0 flail!
You die...

#################
##+###........##.....#
#.......#####.#....⌠..
#...)@).# #.........
#....o..# #..⌠.>....
#........# #.........
#........# #.#....⌠#.
#.........# #.#....##.
#.......#.# #.....###.
.........#.# ###.###
#. #######'##.#
#.#####. #.##....


You could see an orc.

Vanquished Creatures
  2 big kobolds (D:3)
  An orc priest (D:2)
  An orc wizard (D:4)
  3 iron imps (D:3)
  Jessica (D:2)
  A worker ant (D:4)
  Robin (D:2)
  7 gnolls (D:3)
  5 adders (D:3)
  An ooze (D:3)
  2 worms (D:2)
  7 dart slugs
  A leopard gecko (D:3)
  5 orcs
  5 giant cockroaches
  33 hobgoblins
  8 jackals (D:3)
  A quokka (D:3)
  6 bats
  5 frilled lizards
  40 goblins
  8 kobolds
  2 rats (D:1)
146 creatures vanquished.

Notes
Turn   | Place    | Note
-------+----------+-------------------------------------------
     0 | D:1      | Ijustatesigmund the Spriggan Wanderer began the quest for
                  | the Orb.
     0 | D:1      | Ijustatesigmund set off with the following items: a +2
                  | quarterstaff, a +0 short sword, a +0 robe, a +0 dagger
     0 | D:1      | Reached XP level 1. HP: 10/10 MP: 2/2
    26 | D:1      | Reached skill level 2 in Dodging
   180 | D:1      | Reached XP level 2. HP: 5/14 MP: 3/3
   647 | D:1      | Reached skill level 3 in Dodging
   863 | D:1      | Reached XP level 3. HP: 17/18 MP: 4/4
  1347 | D:2      | Noticed Robin
  1370 | D:2      | Reached skill level 1 in Short Blades
  1506 | D:2      | Killed Robin
  1515 | D:2      | Noticed Jessica
  1802 | D:2      | Killed Jessica
  1802 | D:2      | Reached XP level 4. HP: 11/23 MP: 5/5
  2046 | D:2      | Reached skill level 4 in Dodging
  3461 | D:3      | Reached XP level 5. HP: 5/27 MP: 6/6
  3463 | D:3      | Gained mutation: You are partially covered in icy blue
                  | scales. (AC +2) [potion of mutation]
  3463 | D:3      | Gained mutation: You have a somewhat thin skeletal
                  | structure. (Dex +2, Stealth) [potion of mutation]
  4829 | D:3      | Reached skill level 5 in Dodging
  4923 | D:3      | Reached XP level 6. HP: 22/32 MP: 7/7
  6296 | D:3      | Reached skill level 5 in Stealth
  6706 | D:3      | Found a burning altar of Makhleb.
  6728 | D:3      | Reached XP level 7. HP: 30/36 MP: 8/8
  6743 | D:3      | Reached skill level 6 in Dodging
  7203 | D:4      | Slain by an orc

Illustrated notes

Levels and vault maps discovered:
D:1:      lightli_iron_boxes, layout_basic
D:2:      layout_basic, uniq_robin, uniq_jessica
D:3:      minmay_goblin_kobold_castle, layout_rooms, demons_altar
D:4:      layout_basic, tgw_sif, hangedman_decor_peaks_small, grunt_ministairs_1

Skill      XL: |  1  2  3  4  5  6  7 |
---------------+----------------------+-----
Dodging        | 2 3 4 5 6 |  6.2
Short Blades   | 1 2 3 4 |  4.1
Fighting       | 2 3 |  3.6
Stealth        | 4 5 |  5.5
Staves         | |  2.1
Hexes          | |  2.4
Air Magic      | |  1.0

Action                   |  1- 3 |  4- 6 |  7- 9 || total
-------------------------+-------+-------+-------++-------
Melee: Quarterstaff      |    96 |   322 |    45 ||   463
  Use: Scroll            |       |     3 |     2 ||     5
       Potion            |       |     5 |       ||     5
 Stab: Sleeping          |     5 |     7 |     1 ||    13
       Distracted        |       |     3 |       ||     3
Armor: Robe              |    10 |    46 |     2 ||    58
Dodge: Dodged            |    69 |   373 |    42 ||   484

Table legend: (Time is in decaauts)
 A = Elapsed time spent in this place.
 B = Non-inter-level travel time spent in this place.
 C = Inter-level travel time spent in this place.
 D = Time resting spent in this place.
 E = Time spent auto-exploring this place.
 F = Levels seen in this place.
 G = Mean time per level.
                   A        B        C        D        E       F      G
               +--------+--------+--------+--------+--------+-----+--------+
         Total |   6166 |   6092 |     74 |   3270 |   1675 |   4 | 1541.5 |
       Dungeon |   6166 |   6092 |     74 |   3270 |   1675 |   4 | 1541.5 |
               +--------+--------+--------+--------+--------+-----+--------+

Top non-repeatable levels by time:
     D:3: 2828 daAuts
     D:2: 1756 daAuts
     D:1: 1175 daAuts
     D:4: 407 daAuts
